 Dungeon Crawl Stone Soup version 0.27-a0-1180-g7fc4abc71e (webtiles) character file.

Game seed: 11062719638575424476

307329 oproutine the Severer (level 21, -8/179 HPs)
             Began as an Octopode Delver on May 17, 2021.
             Was the Champion of Hepliaklqana.
             Mangled by a vault warden
             ... wielding a +0 great sword
              (43 damage)
             ... on level 2 of the Vaults.
             The game lasted 01:01:40 (43827 turns).

oproutine the Severer (Octopode Delver)            Turns: 43827, Time: 01:01:41

Health: -8/179     AC: 31    Str: 12    XL:     21   Next: 18%
Magic:  30/30      EV: 35    Int: 18    God:    Hepliaklqana [******]
Gold:   1893       SH: 24    Dex: 23    Spells: 14/32 levels left

rFire    . . .     SeeInvis .   t - +8 broad axe (flame)
rCold    . . .     Faith    .   p - +5 kite shield {rPois}
rNeg     + . .     Spirit   .   a - +2 hat
rPois    ∞         Reflect  +   d - amulet of reflection
rElec    +         Harm     .   j - ring of Shadows {Umbra +Inv Stlth+}
rCorr    .         Rampage  .   I - +4 ring of protection
Will     ++...                  O - +4 ring of evasion
Stlth    +++++++++.             T - ring of wizardry
HPRegen  0.39/turn              N - +4 ring of evasion
MPRegen  0.22/turn              l - +6 ring of dexterity
                                Q - +4 ring of evasion
                                E - ring of willpower

@: statue-form (expiring), wreathed by umbra, very slow
A: slow and powerful, torment resistance 1, boosted hp, reduced essence, almost
no armour, amphibious, 8 rings, camouflage 1, (gelatinous body 1), (nimble
swimmer 1), tentacles
}: 2/15 runes: decaying, gossamer
a: End Transformation, Renounce Religion, Evoke Invisibility, Recall Ancestor,
Ancestor Identity, Transference, Idealise


You were on level 2 of the Vaults.
You worshipped Hepliaklqana.
Hepliaklqana was exalted by your worship.
You were a living statue of rough stone.
You visited 8 branches of the dungeon, and saw 37 of its levels.
You visited the Abyss 1 time.

You collected 4394 gold pieces.
You spent 2501 gold pieces at shops.

Inventory:

Hand Weapons
 t - a +8 broad axe of flaming (weapon)
Missiles
 C - a throwing net {!f}
 Y - 17 curare-tipped darts (quivered)
Armour
 a - a +2 hat (worn)
 p - a +5 kite shield of poison resistance (worn)
Jewellery
 d - an amulet of reflection (around mantle)
 j - the ring of Shadows (left tentacle) {Umbra +Inv Stlth+}
   (You found it on level 2 of the Lair of Beasts)

   [ring of stealth]

   It lets you turn invisible.
   It makes you more stealthy.
 k - a ring of protection from fire
 l - a +6 ring of dexterity (on tentacle)
 A - a ring of protection from cold
 E - a ring of willpower (on tentacle)
 F - a ring of resist corrosion
 G - a ring of fire
 I - a +4 ring of protection (right tentacle)
 K - a +4 ring of protection
 N - a +4 ring of evasion (on tentacle)
 O - a +4 ring of evasion (on tentacle)
 Q - a +4 ring of evasion (on tentacle)
 T - a ring of wizardry (on tentacle)
 X - a ring of see invisible
Wands
 f - a wand of digging (17) {@v3}
 n - a wand of iceblast (60) {@v2}
 z - a wand of acid (46) {@v1}
 H - a wand of flame (19)
 L - a wand of polymorph (13)
 U - a wand of paralysis (5)
Scrolls
 b - 6 scrolls of fog
 g - 3 scrolls of blinking {@r4}
 m - 5 scrolls of immolation
 r - 4 scrolls of summoning
 x - 7 scrolls of magic mapping {@r5}
 y - 8 scrolls of fear
 D - 7 scrolls of teleportation {@r3}
 P - 4 scrolls of silence
 S - 4 scrolls of holy word
 V - 7 scrolls of identify {@r1}
Potions
 c - 4 potions of mutation
 e - 10 potions of haste {@q4}
 h - 10 potions of curing {@q1}
 i - 11 potions of might {@q3}
 o - 3 potions of resistance {@q5}
 q - 4 potions of attraction
 u - 2 potions of ambrosia
 v - 2 potions of heal wounds {@q2}
 w - 5 potions of berserk rage
 B - 7 potions of cancellation
 J - 6 potions of lignification
 M - 2 potions of invisibility
 Z - 2 potions of magic
Miscellaneous
 s - a phantom mirror
 R - a phial of floods


   Skills:
 * Level 16.7 Fighting
 - Level 2.0 Short Blades
 + Level 17.3 Axes
 - Level 13.0 Dodging
 - Level 6.6 Stealth
 - Level 15.0 Shields
 - Level 6.0 Spellcasting
 * Level 5.6 Conjurations
 - Level 2.0 Hexes
 - Level 4.0 Translocations
 - Level 12.0 Transmutations
 - Level 12.0 Earth Magic
 - Level 4.0 Invocations
 + Level 8.1 Evocations


You had 14 spell levels left.
You knew the following spells:

 Your Spells              Type           Power      Damage    Failure   Level
a - Blink                 Tloc           N/A        N/A       1%          2
b - Statue Form           Tmut/Erth      32%        N/A       5%          6
c - Irradiate             Conj/Tmut      18%        3d19      3%          5
d - Yara's Violent Unrav  Hex/Tmut       15%        3d8       8%          5

Your spell library contained the following spells:

 Spells                   Type           Power      Damage    Failure   Level
 Magic Dart               Conj           100%       1d8       1%          1
 Sting                    Tmut/Pois      100%       1d8       1%          1
 Searing Ray              Conj           50%        3d5       1%          2
 Petrify                  Tmut/Erth      48%        N/A       1%          4
 Corona                   Hex            13%        N/A       2%          1
 Gell's Gravitas          Tloc           9%         N/A       2%          3
 Ignite Poison            Fire/Tmut/Pois 19%        N/A       2%          3
 Leda's Liquefaction      Hex/Erth       15%        N/A       2%          4
 Slow                     Hex            12%        N/A       3%          2
 Dazzling Flash           Conj/Hex       38%        N/A       3%          3
 Summon Small Mammal      Summ           20%        N/A       4%          1
 Conjure Flame            Conj/Fire      15%        6-21      4%          3
 Portal Projectile        Hex/Tloc       32%        N/A       4%          3
 Blade Hands              Tmut           24%        N/A       5%          6
 Confusing Touch          Hex            12%        N/A       6%          3
 Mephitic Cloud           Conj/Pois/Air  12%        N/A       7%          3
 Iskenderun's Mystic Bla  Conj/Tloc      22%        2d6       7%          4
 Call Imp                 Summ           5%         N/A       8%          2
 Poisonous Vapours        Pois/Air       10%        N/A       8%          2
 Passage of Golubria      Tloc           N/A        N/A       9%          4
 Inner Flame              Hex/Fire       9%         N/A       10%         3
 Summon Guardian Golem    Hex/Summ       9%         N/A       10%         3
 Fulminant Prism          Conj/Hex       9%         3d7       11%         4
 Call Canine Familiar     Summ           5%         N/A       14%         3
 Cause Fear               Hex            6%         N/A       21%         4
 Manifold Assault         Tloc           19%        N/A       26%         5
 Dragon Form              Tmut           24%        N/A       28%         7
 Olgreb's Toxic Radiance  Pois           5%         N/A       41%         4
 Summon Ice Beast         Ice/Summ       5%         N/A       41%         4
 Summon Lightning Spire   Summ/Air       5%         N/A       41%         4
 Metabolic Englaciation   Hex/Ice        4%         N/A       61%         5
 Dispersal                Tloc           9%         N/A       77%         6
 Disjunction              Tloc           9%         N/A       100%        8
 Shatter                  Erth           24%        3d21*     100%        9


Dungeon Overview and Level Annotations

Branches:
Dungeon (15/15)            Temple (1/1) D:5            Lair (6/6) D:9
  Swamp (4/4) Lair:3       Spider (4/4) Lair:2        Slime (0/5) Lair:5
    Orc (2/2) D:11            Elf (3/3) Orc:2        Vaults (2/5) D:14
 Depths (0/5) D:15
  Crypt: Vaults:2-3

Altars:
Ashenzari
Cheibriados
Dithmenos
Elyvilon
Hepliaklqana
Makhleb
Nemelex Xobeh
Ru
Uskayaw
Beogh

Shops:
D:2 (   D:4 (   Orc:2 (*([=   Elf:2 =!

Annotations:
Elf:2 5 runed translucent doors


Innate Abilities, Weirdness & Mutations

You are a living statue of rough stone.
Your actions are slow, but your melee attacks are powerful.
You are resistant to unholy torment.
Your maximum health is greatly increased.
You are immune to poison.
Your equipment is partially melded.
Your life essence is reduced to manifest your ancestor. (-10% HP)
You cannot wear most types of armour.
You are amphibious.
You can wear up to eight rings at the same time.
Your skin changes colour to match your surroundings (Stealth+).
((Your rubbery body absorbs attacks. (AC +1, EV +1)))
((You are camouflaged near water. (Stealth+)))
You have tentacles for arms and can constrict up to eight enemies at once.


Message History

You burn the ironbound convoker!
You kill the ironbound convoker!
Something unseen opens the gate.
You block the vault warden's attack.
Things that are here:
a +0 mace; a +0 scale mail; a human corpse The ironbound thunderhulk shouts!
You slash the vault warden! You burn the vault warden.
Your grab misses the vault warden.
You hear a shout!
You hear a horrible gurgling sound!
You block the vault warden's attack.
Electricity crackles from the ironbound thunderhulk's apparatus.
The bolt of lightning hits you! You resist.
* * * LOW HITPOINT WARNING * * *
The vault warden completely misses you.
You closely miss the vault warden. You grab the vault warden.
Your transformation is almost over.
You constrict the vault warden, but do no damage.
The vault warden activates a sealing rune.
A door slams shut!
You slice the vault warden!! You burn the vault warden.
You constrict the vault warden, but do no damage.
The vault warden misses you.
You hit the vault warden but do no damage.
You squeeze the vault warden.
You constrict the vault warden, but do no damage.
Electricity crackles from the ironbound thunderhulk's apparatus.
The bolt of lightning misses you. You block the vault warden's attack.
You slice the vault warden!! You burn the vault warden!
You hit the vault guard but do no damage.
You constrict the vault warden. You block the vault guard's attack.
The vault warden completely misses you.
You barely miss the vault warden. You closely miss the vault guard.
You constrict the vault warden, but do no damage.
Electricity crackles from the ironbound thunderhulk's apparatus.
The bolt of lightning hits you! You resist.
* * * LOW HITPOINT WARNING * * *
You block the vault guard's attack.
The vault warden hits you with a +0 great sword!!!
You die...

*,,,,,,*,,* **+**,
**,,,,,*,,* *,,,+,
*******..* *,,,**
#########+###*####******+***
#......p....,,...#.,,,,,,,,,
#.c........#,....+.,,,,,,,,,
#....#..##.##....+.,,,,,,,,,
#.##.##.....p..#.+.,,,,,,^,,
#........()8p.O..#,,,,,,,,,,
##########+#######,,,,,,,,,,
#..†.).# *,,,,,,,,,,
##.....# *,,,,,,,,,, *******
##....# ******+*+** ,,,,,,*
##.).# *,,,,, ,,,,,,##*
##).# *,,,,, ,,,,,,#.#*
###).# *,,,,, ,,,,,,#..#*
##[...# *,,,,,


You could see a vault warden (strong), an ironbound thunderhulk and a vault
guard.

Vanquished Creatures
  A tentacled monstrosity (Swamp:3)
  Rupert (Lair:6)
  Jorgrun (Elf:1)
  2 deep elf master archers (Elf:3)
  A deep elf blademaster (Elf:3)
  Roxanne (Swamp:1)
  Donald (Swamp:3)
  Kirke (Lair:2)
  A deep elf sorcerer (Elf:3)
  2 ghost moths (Spider:4)
  2 orc warlords
  3 vault wardens
  3 ghouls (Swamp:4)
  A deep elf elementalist (Elf:3)
  5 ironbound preservers
  2 emperor scorpions
  The ghost of Pegreged the Tainter, a journeyman OpVM of Sif Muna (Lair:5)
  A stone giant (Vaults:1)
  4 deep elf demonologists
  An entropy weaver (Spider:3)
  4 deep elf annihilators (Elf:3)
  3 spark wasps (Spider:4)
  A shambling mangrove (Swamp:4)
  8 deep elf death magi
  3 fire dragons
  2 deep elf high priests (Elf:3)
  Fannar (Orc:1)
  A rakshasa (D:15)
  5 eleionomae
  2 vault guards
  3 yaktaur captains (Vaults:1)
  An ironbound thunderhulk (Vaults:1)
  2 boulder beetles
  17 hydras
  A ghost crab (Swamp:4)
  A death knight (D:12)
  2 centaur warriors (D:13)
  3 ironbound frosthearts
  5 alligators
  A two-headed ogre (D:13)
  8 dancing weapons
  Erica (Lair:1)
  2 tengu warriors
  An ironbound beastmaster (Vaults:1)
  A thrashing horror (Abyss:2)
  8 deep elf knights
  3 orc high priests (Orc:2)
  4 skeletal warriors (D:15)
  3 goliath frogs
  A spriggan druid (Swamp:3)
  3 bog bodies
  3 deep elf archers
  A spectral hydra (Lair:5)
  6 swamp dragons
  2 wizards
  5 ironbound convokers
  A sphinx zombie (Vaults:1)
  4 deep trolls (Vaults:1)
  7 orc knights
  A necromancer (Vaults:1)
  7 ugly things
  A frost giant zombie (Vaults:1)
  17 deep elf zephyrmancers
  3 cyclopes
  14 deep elf pyromancers
  2 orc sorcerers
  8 orb spiders
  29 wolf spiders
  2 will-o-the-wisps
  7 manticores
  4 oklob plants
  An elephant (Lair:3)
  9 black mambas
  A smoke demon (Abyss:2)
  6 vault sentinels
  A guardian serpent (shapeshifter) (Elf:3)
  A molten gargoyle (Lair:6)
  2 gargoyles
  11 cane toads
  A freezing wraith (D:15)
  2 rime drakes
  6 demonic crawlers
  9 yaktaurs
  2 efreet
  A kobold demonologist (Abyss:2)
  2 yaktaurs (shapeshifter)
  16 komodo dragons
  A tengu conjurer (D:14)
  3 meliai (Spider:3)
  2 tyrant leeches
  7 trolls
  3 large abominations (Abyss:2)
  13 hornets
  A polar bear (shapeshifter) (Elf:1)
  21 jumping spiders
  A tengu simulacrum (Vaults:1)
  2 polar bears (Lair:2)
  5 blink frogs
  5 dream sheep
  A meliai zombie (D:11)
  7 slime creatures (Vaults:1)
  Prince Ribbit (D:7)
  49 redbacks
  6 spriggans
  An ettin skeleton (Vaults:1)
  2 shadows
  50 yaks
  2 wraiths
  A basilisk (Lair:6)
  28 tarantellas
  4 wyverns (Lair:6)
  5 water elementals
  A yak (shapeshifter) (Elf:1)
  4 hogs (Spider:1)
  6 fire elementals
  4 steam dragons
  5 vampire mosquitoes
  9 swamp worms
  A warg (Orc:1)
  A hydra simulacrum (Lair:5)
  A small abomination (Abyss:2)
  10 water moccasins
  2 hell hounds (Lair:6)
  5 swamp drakes
  20 orc warriors
  5 necrophages
  An ogre (Orc:2)
  4 wolves
  3 black bears
  4 boggarts (Vaults:2)
  6 centaurs
  A kobold brigand (D:9)
  7 bullfrogs
  A wyvern zombie (D:8)
  4 earth elementals
  4 scorpions
  3 killer bees
  9 howler monkeys
  4 wights
  3 electric eels
  3 centaur zombies
  2 komodo dragon simulacra (Lair:5)
  3 lava snakes (Lair:6)
  A hound (D:5)
  22 orc priests
  15 orc wizards
  A mummy (D:11)
  3 gnolls (D:9)
  4 adders
  2 shadow imps
  4 worms
  3 dart slugs
  55 orcs
  6 ball pythons
  3 bats
  4 endoplasms
  4 giant cockroaches
  3 hobgoblins
  3 jackals
  6 kobolds
  3 quokkas
  A frilled lizard (D:3)
  3 goblins
  18 rats
  A bush (Lair:4)
853 creatures vanquished.

Vanquished Creatures (collateral kills)
  the Lernaean hydra (Swamp:4)
  Bai Suzhen (Swamp:3)
  A deep elf blademaster (Elf:3)
  A sphinx (Vaults:2)
  Gastronok (Lair:2)
  A tentacled starspawn (Abyss:2)
  A fenstrider witch (Swamp:4)
  The ghost of hemabe71 the Covert, an adept HuAr of Trog (Swamp:2)
  2 deep elf sorcerers (Elf:3)
  2 vault wardens
  2 deep elf elementalists (Elf:3)
  An emperor scorpion (Spider:2)
  4 ghost moths (Spider:4)
  2 ironbound preservers
  3 bunyips
  2 deep elf demonologists (Elf:3)
  2 deep elf annihilators (Elf:3)
  An entropy weaver (Spider:4)
  2 dire elephants (Vaults:1)
  3 spark wasps
  Snorg (D:10)
  2 eleionomae (Swamp:4)
  A fire dragon (D:15)
  A deep elf death mage (Elf:3)
  A shambling mangrove (Swamp:3)
  A yaktaur captain (Vaults:2)
  4 hydras
  A boulder beetle (D:14)
  A centaur warrior (D:15)
  2 ironbound thunderhulks (Vaults:1)
  2 catoblepae
  A ghost crab (Swamp:2)
  2 ironbound frosthearts
  A two-headed ogre (D:11)
  7 alligators
  An orc high priest (Orc:2)
  An ironbound beastmaster (Vaults:1)
  2 spriggans (Swamp:3)
  9 deep elf knights
  4 deep trolls (Vaults:1)
  7 swamp dragons (Swamp:4)
  A wizard (Vaults:1)
  An ironbound convoker (Vaults:2)
  2 bog bodies
  2 deep elf archers
  4 lindwurms
  3 orc knights
  9 wolf spiders
  16 orb spiders
  6 deep elf zephyrmancers
  5 deep elf pyromancers
  4 ugly things
  2 cyclopes
  2 oklob plants
  3 elephants (Lair:3)
  A manticore (D:14)
  A centaur zombie (D:11)
  A moth of wrath (Spider:1)
  A molten gargoyle (Lair:6)
  6 black mambas
  A vault sentinel (Vaults:2)
  4 torpor snails
  A gargoyle (D:13)
  2 cane toads
  3 rime drakes
  2 unseen horrors
  4 komodo dragons
  2 efreet
  A demonic crawler (Spider:1)
  11 jumping spiders
  A troll (D:13)
  A queen bee (shapeshifter) (Elf:3)
  5 tyrant leeches
  6 hornets
  2 slime creatures (Vaults:1)
  2 blink frogs (Lair:3)
  3 dream sheep (Lair:6)
  22 redbacks
  A shadow (D:11)
  2 air elementals
  2 wyverns
  15 yaks
  A vampire (D:13)
  13 tarantellas
  2 hogs (Spider:1)
  A large abomination (Abyss:2)
  A water elemental (D:13)
  A basilisk (Lair:6)
  2 fire elementals
  2 vampire mosquitoes (Swamp:1)
  7 swamp worms
  2 water moccasins
  2 hell hounds (Lair:6)
  5 orc warriors
  3 swamp drakes (Swamp:4)
  A black mamba simulacrum (Lair:5)
  2 necrophages (D:11)
  2 boggarts
  2 ogres
  A centaur (D:9)
  2 bullfrogs
  A gnoll sergeant (D:9)
  3 scorpions
  2 killer bees (D:8)
  3 wights
  An electric eel (Lair:6)
  A howler monkey (D:14)
  A lava snake (Lair:6)
  A hound (D:5)
  A jelly (D:7)
  6 orc priests
  A bullfrog skeleton (D:7)
  12 orc wizards
  2 gnolls (D:9)
  A howler monkey zombie (D:7)
  An adder (D:4)
  A shadow imp (D:6)
  A worm (Lair:2)
  11 orcs
  3 endoplasms
  2 goblins
  A jackal (D:1)
  2 kobolds
  A quokka (D:2)
  2 bats
  A frilled lizard (D:1)
  4 rats (D:2)
  3 bushes (Lair:4)
  A starspawn tentacle (Abyss:2)
371 creatures vanquished.

Vanquished Creatures (others)
  A tengu warrior (D:9)
  A deep elf archer (Elf:2)
  A bloated husk (Swamp:3)
  A redback (Spider:3)
  A tarantella (Spider:3)
  A water elemental (Elf:1)
  35 battlemagi
  2 foxfires (Swamp:4)
  31 fungi
  63 plants
  3 starspawn tentacles (Abyss:2)
  2 withered plants (D:11)
142 creatures vanquished.

Grand Total: 1366 creatures vanquished

Notes
Turn   | Place    | Note
-------+----------+-------------------------------------------
     0 | D:5      | oproutine the Octopode Delver began the quest for the Orb.
     0 | D:5      | Reached XP level 1. HP: 16/16 MP: 1/1
   140 | D:5      | Noticed a yak
   140 | D:5      | Noticed a yak
   140 | D:5      | Noticed a yak
   153 | D:5      | Found a staircase to the Ecumenical Temple.
   174 | Temple   | Entered the Ecumenical Temple
   185 | Temple   | Became a worshipper of Hepliaklqana the Forgotten
   203 | D:5      | Noticed a hound
   312 | D:3      | Reached XP level 2. HP: 21/21 MP: 2/2
   620 | D:3      | Reached * piety under Hepliaklqana
   960 | D:3      | Reached XP level 3. HP: 24/24 MP: 3/3
  1354 | D:2      | Found Qetiov's Antique Weapon Shoppe.
  1655 | D:2      | Reached XP level 4. HP: 16/29 MP: 4/4
  2308 | D:1      | Reached ** piety under Hepliaklqana
  2309 | D:1      | Remembered your ancestor :> as a battlemage
  2312 | D:1      | Found a faded altar of an unknown god.
  3151 | D:4      | Noticed a black bear
  3163 | D:4      | Killed a black bear
  3164 | D:4      | Reached skill level 5 in Fighting
  3164 | D:4      | Reached XP level 5. HP: 18/35 MP: 5/5
  3327 | D:4      | Identified the +7 hand axe of the Inquisitive Suns {vamp,
                  | rPois Will++}
  3452 | D:4      | Reached skill level 1 in Axes
  3452 | D:4      | Reached XP level 6. HP: 28/40 MP: 6/6
  3459 | D:4      | Reached skill level 2 in Axes
  3704 | D:4      | Found Xohoil's Antique Weapon Shop.
  3717 | D:4      | Reached *** piety under Hepliaklqana
  4254 | D:5      | Reached XP level 7. HP: 45/45 MP: 7/7
  4308 | D:5      | Noticed a yak
  4308 | D:5      | Noticed a yak
  4387 | D:5      | Reached skill level 3 in Axes
  4825 | D:2      | Bought a fine war axe for 195 gold pieces
  4825 | D:2      | Identified the +12 war axe "Jixan" {protect, rN+ rCorr
                  | Int-3} (You bought it in a shop on level 2 of the Dungeon)
  4917 | D:6      | Noticed a deep elf pyromancer
  4921 | D:6      | Killed a deep elf pyromancer
  4922 | D:6      | Reached skill level 4 in Axes
  4922 | D:6      | Reached skill level 5 in Dodging
  4922 | D:6      | Reached XP level 8. HP: 52/52 MP: 8/8
  4996 | D:6      | Reached skill level 5 in Axes
  5362 | D:6      | Reached **** piety under Hepliaklqana
  5717 | D:7      | Noticed Prince Ribbit
  5833 | D:7      | Noticed a cyclops
  5837 | D:7      | Killed a cyclops
  5838 | D:7      | Reached skill level 6 in Axes
  5838 | D:7      | Reached XP level 9. HP: 53/57 MP: 9/9
  6055 | D:7      | Killed Prince Ribbit
  6056 | D:7      | Reached skill level 7 in Axes
  6681 | D:7      | Identified a scroll of acquirement
  6684 | D:7      | Acquired the ring "Wiry" {rPois Dex+3}
  6865 | D:8      | Identified the +1 scale mail of Ychaes {rC+ rN++ Str-3}
  6891 | D:8      | Found a snail-covered altar of Cheibriados.
  6985 | D:8      | Reached ***** piety under Hepliaklqana
  7035 | D:8      | Reached skill level 1 in Evocations
  7295 | D:9      | Noticed a manticore
  7300 | D:9      | Killed a manticore
  7301 | D:9      | Reached skill level 8 in Axes
  7346 | D:9      | Noticed a gargoyle
  7360 | D:9      | Killed a gargoyle
  7364 | D:9      | Noticed a troll
  7371 | D:9      | Reached XP level 10. HP: 60/64 MP: 10/10
  7379 | D:9      | Noticed a tengu warrior
  7518 | D:9      | Killed a tengu warrior
  7519 | D:9      | Reached skill level 9 in Axes
  7522 | D:9      | Reached skill level 5 in Evocations
  8146 | D:9      | Found a staircase to the Lair.
  8248 | D:9      | Found a broken altar of Ashenzari.
  8708 | D:10     | Entered Level 10 of the Dungeon
  8872 | D:10     | Reached skill level 10 in Axes
  8990 | D:10     | Reached XP level 11. HP: 60/72 MP: 11/11
  9074 | D:10     | Identified the +4 robe of Gluttony {rN+ Dex+2}
  9083 | D:10     | Noticed Snorg
  9092 | D:10     | Killed Snorg
  9390 | D:10     | Noticed a wolf spider
  9396 | D:10     | Killed a wolf spider
  9397 | D:10     | Reached skill level 11 in Axes
  9409 | D:10     | Noticed a fire dragon
  9861 | D:11     | Noticed a white ugly thing
  9873 | D:11     | Killed a white ugly thing
 10119 | D:11     | Noticed a two-headed ogre
 10124 | D:11     | Killed a two-headed ogre
 10125 | D:11     | Reached skill level 10 in Fighting
 10203 | D:11     | Found a staircase to the Orcish Mines.
 10208 | D:11     | Reached skill level 12 in Axes
 10208 | D:11     | Reached XP level 12. HP: 48/78 MP: 12/12
 10714 | D:12     | Noticed a seven-headed hydra
 10719 | D:12     | Killed a seven-headed hydra
 10925 | D:12     | Noticed a death knight
 10935 | D:12     | Killed a death knight
 11182 | D:12     | Reached skill level 10 in Dodging
 11555 | D:13     | Noticed a tengu warrior
 11572 | D:13     | Killed a tengu warrior
 11573 | D:13     | Reached skill level 1 in Shields
 11658 | D:13     | Noticed a centaur warrior
 11672 | D:13     | Killed a centaur warrior
 11673 | D:13     | Reached skill level 1 in Invocations
 11968 | D:13     | Noticed a centaur warrior
 11976 | D:13     | Killed a centaur warrior
 12114 | D:13     | Reached ****** piety under Hepliaklqana
 12165 | D:13     | Noticed a two-headed ogre
 12167 | D:13     | Killed a two-headed ogre
 12376 | D:13     | Reached skill level 13 in Axes
 12713 | D:13     | Noticed a six-headed hydra
 12723 | D:13     | Killed a six-headed hydra
 12724 | D:13     | Reached XP level 13. HP: 65/85 MP: 15/15
 12936 | D:13     | Reached skill level 5 in Shields
 13469 | D:10     | Killed a fire dragon
 13694 | D:14     | Noticed an ironbound preserver
 14146 | D:15     | Entered Level 15 of the Dungeon
 14178 | D:15     | Noticed a rakshasa
 14234 | D:15     | Killed a rakshasa
 14456 | D:15     | Found a sacrificial altar of Ru.
 15648 | D:14     | Found a gate to the Vaults.
 15656 | D:14     | Killed an ironbound preserver
 16081 | D:14     | Found a sparkling altar of Nemelex Xobeh.
 16258 | D:15     | Reached skill level 14 in Axes
 16262 | D:15     | Reached XP level 14. HP: 90/90 MP: 17/17
 16457 | D:15     | Reached skill level 10 in Shields
 16469 | D:15     | Found a staircase to the Depths.
 16953 | Orc:1    | Entered Level 1 of the Orcish Mines
 17247 | Orc:1    | Noticed Fannar
 17478 | Orc:1    | Killed Fannar
 17638 | Orc:2    | Entered Level 2 of the Orcish Mines
 17827 | Orc:2    | Found a staircase to the Elven Halls.
 17873 | Orc:2    | Found Dehiruk's Jewellery Shop.
 18701 | Orc:2    | Found Mijyoh's Weapon Emporium.
 18701 | Orc:2    | Found Ydow's Weapon Shoppe.
 18703 | Orc:2    | Found Jekoje's Assorted Antiques.
 18711 | Orc:2    | Found Bokheel's Armour Emporium.
 19205 | Orc:2    | Bought a +4 ring of evasion for 504 gold pieces
 19205 | Orc:2    | Bought a +4 ring of evasion for 504 gold pieces
 19205 | Orc:2    | Bought a +4 ring of protection for 504 gold pieces
 19321 | Lair:1   | Entered Level 1 of the Lair of Beasts
 19452 | Lair:1   | Noticed Erica
 19459 | Lair:1   | Killed Erica
 20039 | Lair:2   | Found a hole to the Spider Nest.
 20306 | Lair:2   | Found the ring of Shadows {Umbra +Inv Stlth+}
 20412 | Lair:2   | Noticed Gastronok
 20423 | Lair:2   | Killed Gastronok
 20534 | Lair:2   | You fall into a shaft and drop 2 floors!
 20566 | Lair:4   | Reached XP level 15. HP: 97/97 MP: 18/18
 21554 | Lair:3   | Found a staircase to the Swamp.
 22209 | Lair:3   | Identified the ring "Nufaun" {rN+ Str+2}
 23042 | Lair:5   | Found a runed translucent gate.
 23042 | Lair:5   | Found a runed translucent gate.
 23042 | Lair:5   | Found a runed translucent gate.
 23336 | Lair:5   | Found a staircase to the Slime Pits.
 23848 | Lair:5   | Noticed Pegreged's ghost (journeyman OpVM)
 24012 | Lair:5   | Killed Pegreged's ghost
 24133 | Lair:5   | Identified the +1 pair of boots of Tortured Contentment
                  | {rElec rC- Slay+6 SInv}
 24153 | Lair:6   | Entered Level 6 of the Lair of Beasts
 24613 | Lair:6   | Noticed Rupert
 24628 | Lair:6   | Killed Rupert
 25395 | Lair:6   | Reached skill level 15 in Axes
 25416 | Lair:6   | Found a large runed translucent door.
 25419 | Lair:6   | Found a large runed translucent door.
 25424 | Lair:6   | Reached XP level 16. HP: 105/105 MP: 19/19
 26141 | Elf:1    | Entered Level 1 of the Elven Halls
 26731 | Elf:1    | Noticed Jorgrun
 26742 | Elf:1    | Killed Jorgrun
 27491 | Orc:2    | Bought a +0 broad axe for 56 gold pieces
 27595 | Elf:2    | Noticed an Ice Fiend
 27597 | Elf:2    | Cast into level 2 of the Abyss (a deep elf demonologist)
 27615 | Abyss:2  | Learned a level 2 spell: Blink
 27762 | Abyss:2  | Reached skill level 1 in Spellcasting
 27762 | Abyss:2  | Reached skill level 1 in Translocations
 27798 | Abyss:2  | Noticed a tentacled starspawn
 27815 | Abyss:2  | Killed a tentacled starspawn
 27878 | Elf:2    | Escaped the Abyss
 28055 | Elf:2    | Found a huge runed translucent gate.
 28057 | Elf:2    | Found a huge runed translucent gate.
 28057 | Elf:2    | Found a huge runed translucent gate.
 28058 | Elf:2    | Found a huge runed translucent gate.
 28058 | Elf:2    | Found a huge runed translucent gate.
 28118 | Elf:2    | Found Yvuulain's Distillery.
 28187 | Elf:2    | Bought a potion of degeneration for 18 gold pieces
 28230 | Elf:2    | Reached XP level 17. HP: 77/113 MP: 23/23
 28695 | Elf:2    | Found Pofug's Jewellery Shoppe.
 28701 | Elf:2    | Bought a ring of protection from fire for 450 gold pieces
 28701 | Elf:2    | Bought a ring of see invisible for 270 gold pieces
 28867 | Elf:3    | Entered Level 3 of the Elven Halls
 29546 | Elf:3    | Reached skill level 16 in Axes
 29597 | Elf:3    | Noticed a deep elf blademaster
 29608 | Elf:3    | Killed a deep elf blademaster
 29612 | Elf:3    | Reached skill level 15 in Fighting
 29614 | Elf:3    | Noticed a deep elf master archer
 30013 | Elf:3    | Killed a deep elf master archer
 30234 | Elf:3    | Noticed a deep elf master archer
 30298 | Elf:3    | Killed a deep elf master archer
 30615 | Elf:3    | Noticed a Hell Sentinel
 31307 | Elf:3    | Noticed a deep elf blademaster
 31316 | Elf:3    | Killed a deep elf blademaster
 31464 | Elf:3    | Found the +9 heavy crossbow "Sniper" {vorpal, Acc+∞ SInv}
 31471 | Elf:3    | Reached skill level 17 in Axes
 31509 | Elf:3    | Identified the +10 hand crossbow "Zumak" {penet, Fragile
                  | Int+6}
 31767 | Elf:3    | Learned a level 6 spell: Statue Form
 32016 | Spider:1 | Entered Level 1 of the Spider Nest
 32029 | Spider:1 | Noticed Kirke
 32038 | Spider:1 | Noticed a sphinx
 32042 | Spider:1 | Reached XP level 18. HP: 100/120 MP: 24/24
 32109 | Lair:2   | Killed Kirke
 32110 | Lair:2   | Reached skill level 1 in Transmutations
 32110 | Lair:2   | Reached skill level 1 in Earth Magic
 33459 | Spider:2 | Reached skill level 15 in Shields
 33479 | Spider:2 | Reached skill level 5 in Spellcasting
 33864 | Spider:3 | Reached skill level 5 in Transmutations
 33864 | Spider:3 | Reached skill level 5 in Earth Magic
 34511 | Spider:3 | Identified the +1 trident of the Orb {freeze, Dex+3}
 34545 | Spider:3 | Identified the +4 arbalest "Zouf" {vorpal, rPois rN+ Str+2
                  | Int+2}
 34633 | Spider:4 | Entered Level 4 of the Spider Nest
 35260 | Spider:4 | Reached XP level 19. HP: 126/126 MP: 18/27
 36211 | Spider:4 | Got a gossamer rune of Zot
 37329 | Swamp:1  | Entered Level 1 of the Swamp
 37329 | Swamp:1  | Identified Roxanne's Compendium of Stones
 37329 | Swamp:1  | Noticed Roxanne
 37346 | Swamp:1  | Killed Roxanne
 38419 | Swamp:2  | Found a runed translucent door.
 38420 | Swamp:2  | Noticed hemabe71's ghost (adept HuAr)
 39086 | Swamp:2  | Killed hemabe71's ghost
 39529 | Swamp:3  | Reached skill level 10 in Transmutations
 39647 | Swamp:3  | Noticed a tentacled monstrosity
 39655 | Swamp:3  | Killed a tentacled monstrosity
 39656 | Swamp:3  | Reached skill level 10 in Earth Magic
 39738 | Swamp:3  | Noticed Donald
 39758 | Swamp:3  | Killed Donald
 39764 | Swamp:3  | Noticed Bai Suzhen
 40055 | Swamp:3  | Killed Bai Suzhen
 40092 | Swamp:3  | Identified the +6 falchion of a wizard's laboratory {flame,
                  | rC+ Stlth+}
 40310 | Swamp:4  | Entered Level 4 of the Swamp
 40401 | Swamp:4  | Reached XP level 20. HP: 129/132 MP: 29/29
 40814 | Swamp:4  | Noticed the 27-headed Lernaean hydra
 40817 | Swamp:4  | Killed the 27-headed Lernaean hydra
 41159 | Swamp:4  | Identified the +10 shortbow of the Land of Plenty {flame,
                  | Dex+2}
 41475 | Swamp:4  | Got a decaying rune of Zot
 41674 | Swamp:3  | Learned a level 5 spell: Irradiate
 41680 | Swamp:3  | Learned a level 5 spell: Yara's Violent Unravelling
 41942 | Vaults:1 | Entered Level 1 of the Vaults
 42035 | Vaults:1 | Reached skill level 1 in Conjurations
 42184 | Vaults:1 | Reached skill level 1 in Hexes
 43706 | Vaults:2 | Reached XP level 21. HP: 138/138 MP: 25/30
 43729 | Vaults:2 | Reached skill level 5 in Conjurations
 43827 | Vaults:2 | Mangled by a vault warden

Illustrated notes

Levels and vault maps discovered:
D:1:      shiori_arrival_elements, layout_loops_ring,
          hellmonk_ecumenical_altar_crossroads, chequers_garden,
          hangedman_glass_teeth, hangedman_decor_push, minmay_misc_feat_square,
          hex_medium, st_stairs_1
D:2:      layout_basic, serial_shops, nicolae_shop_overgrown_old_shop,
          minmay_rat_hole
D:3:      layout_basic, kennysheep_potato
D:4:      layout_cave_pools, serial_shops, shop, minmay_misc_feat_five
D:5:      layout_loops_ring, minmay_temple_entry_ruins,
          lightli_ossuary_entry_decrepit_ruins, cheibrodos_sewer_entry_sluice,
          st_stairs_6
D:6:      layout_gridville, grunt_decor_fettered, minivault_26,
          guppyfry_early_elven_hall
D:7:      layout_basic, uniq_prince_ribbit1
D:8:      layout_cave_pools, kennysheep_slug_shrine
D:9:      layout_loops_ring, lemuel_round_altar, grunt_lair_entry_orc_guard_hut,
          minmay_fractal_squares_gapless_7
D:10:     minmay_cornered_nines, layout_grid_maze, dk_vineyard_2,
          palyth_stone_intersect, david_defended_altar_orc, uniq_snorg
D:11:     layout_basic, orc_0_dummy, serial_undead, serial_undead_d,
          serial_undead_d, serial_undead_c, serial_undead_b
D:12:     layout_roguey
D:13:     layout_long_grid, serial_bayou, serial_bayou_crossing,
          serial_bayou_lake_a, serial_bayou_pond_e, serial_bayou_lagoon_a,
          minmay_puff
D:14:     layout_loops_cross, skrybe_vaults_entry_preservation,
          roderic_lattice_a, nemelex_lonely_heart_becter
D:15:     grunt_enter_depths_hoard, layout_rooms, nicolae_ru_path_of_blood,
          minmay_starry_boxes
Temple:   regret_index_temple_chain_breaker
Lair:1:   layout_big_grid, uniq_erica
Lair:2:   nzn_winding_woodlands_stair_cross
          [nzn_winding_woodlands_5x15_river_crossing,
          nzn_winding_woodlands_center_triple_pond,
          nzn_winding_woodlands_5x15_lazy_stream,
          nzn_winding_woodlands_5x5_open_star,
          nzn_winding_woodlands_5x5_default, nzn_winding_woodlands_5x15_garden,
          nzn_winding_woodlands_center_garden,
          nzn_winding_woodlands_5x15_crooked], layout_cellular_growth,
          nicolae_spider_entry_non_spiders, grunt_megastairs_4, uniq_gastronok
Lair:3:   layout_long_grid, minmay_swamp_entry_worms, beast_lair_carwin_3,
          infiniplex_staircase_pool_2
Lair:4:   layout_small_grid, minmay_lair_oklob_bushes,
          chequers_serial_rivers_micro_b, lemuel_fruit_tree, grunt_megastairs_1
Lair:5:   layout_hall_layers, minmay_slime_entry_oklob_open,
          gammafunk_ghost_necromancy
Lair:6:   cheibrodos_lair_end_hotspot, layout_long_grid,
          minmay_lair_oklob_chamber, serial_bayou_shore_a, uniq_rupert
Swamp:1:  layout_falls_marsh, nicolae_swamp_orc_logging_accident, swamp_pool2,
          uniq_roxanne
Swamp:2:  layout_basic_swamp, ebering_ghost_reflecting_pool,
          evilmike_swamp_ruin_rubble_2
Swamp:3:  layout_falls_marsh, evilmike_swamp_ruin_rubble_1, uniq_donald,
          uniq_bai_suzhen
Swamp:4:  swamp_old_school, layout_basic_swamp, swamp_pool3
Spider:1: nicolae_spider_mines_1, uniq_kirke
Spider:2: lemuel_spider_zombies, hangedman_spider_mandibles, drop_trap,
          nicolae_spider_shape, uniq_nikola
Spider:3: layout_spider_delve
Spider:4: spider_rune_water
Orc:1:    layout_diamond_mine, uniq_fannar
Orc:2:    st_orc_mages, layout_caves, minmay_shop_enchanted_jewellery
Elf:1:    minmay_elf_arrival_plus, layout_geoelf_diagonals, minivault_28,
          uniq_jorgrun
Elf:2:    layout_geoelf_diagonals, serial_shops, shop, nicolae_shop_waterfront
Elf:3:    grunt_elf_hall_asides, layout_geoelf_grid
Vaults:1: dpeg_vaults_monster_box, nicolae_vaults_alarming, vaults_dpeg_cross,
          v_pattern_5, v_misc_2, layout_vaults_quadrants
Vaults:2: v_misc_27, nicolae_vaults_little_squares_1, v_pattern_4,
          ontoclasm_vaults_pinch, hangedman_vaults_slice,
          ontoclasm_vaults_shout, hangedman_vaults_impose, v_misc_29,
          hangedman_vaults_slice, hangedman_vaults_slice, vaults_dpeg_spiral,
          layout_vaults_maze, serial_shops, bzr_entry_road

Skill      XL: |  1  2  3  4  5  6  7  8  9 10 11 12 13 14 15 16 17 18 19 20 21 |
---------------+----------------------------------------------------------------+-----
Fighting       | 4 5 6 7 8 9 10 11 13 14 15 16 | 16.7
Dodging        | 3 4 5 6 7 8 9 10 11 12 13 | 13.0
Axes           | 1 2 4 6 8 10 12 13 14 15 17 | 17.3
Evocations     | 3 6 7 8 |  8.1
Shields        | 4 9 12 13 14 15 | 15.0
Invocations    | 3 4 |  4.0
Spellcasting   | 4 5 6 |  6.0
Translocations | 4 |  4.0
Transmutations | 6 10 12 | 12.0
Earth Magic    | 6 10 12 | 12.0
Conjurations   | 4 5 |  5.6
Hexes          | 2 |  2.0
Short Blades   | |  2.0
Stealth        | |  6.6

Action                   |  1- 3 |  4- 6 |  7- 9 | 10-12 | 13-15 | 16-18 | 19-21 || total
-------------------------+-------+-------+-------+-------+-------+-------+-------++-------
Melee: Short sword       |    68 |    32 |       |       |       |       |       ||   100
       Constrict         |    19 |    13 |    16 |    33 |   126 |   222 |   109 ||   538
       Tentacles         |    12 |    10 |    19 |    55 |   284 |   308 |   216 ||   904
       Hand axe          |       |    18 |     4 |       |       |       |       ||    22
       War axe           |       |       |    68 |   214 |   689 |   945 |   130 ||  2046
       Trident           |       |       |       |       |    11 |    25 |       ||    36
       Broad axe         |       |       |       |       |       |       |   561 ||   561
Throw: Dart              |       |     5 |     3 |     3 |     3 |       |       ||    14
       Javelin           |       |       |       |     7 |       |       |       ||     7
 Cast: Statue Form       |       |       |       |       |       |       |    13 ||    13
       Blink             |       |       |       |       |       |       |     1 ||     1
Invok: Ancestor Life: Ba |       |     1 |       |       |       |       |       ||     1
       Recall Ancestor   |       |       |       |     7 |     4 |     3 |     2 ||    16
       Idealise          |       |       |       |       |     4 |     2 |     2 ||     8
       Ancestor Identity |       |       |       |       |     1 |       |       ||     1
 Abil: Evoke Invisibilit |       |       |       |       |       |       |     1 ||     1
Evoke: Wand              |       |       |     2 |    35 |    17 |     4 |     2 ||    60
       Phantom mirror    |       |       |       |       |       |       |     1 ||     1
  Use: Scroll            |     1 |       |     8 |     9 |     9 |    18 |    14 ||    59
       Potion            |       |       |       |       |     2 |     1 |     1 ||     4
 Stab: Sleeping          |     9 |    13 |     8 |    13 |    45 |    31 |    19 ||   138
       Distracted        |       |       |     1 |     7 |    18 |    22 |    25 ||    73
       Paralysed         |       |       |       |     8 |       |       |       ||     8
       Held in net/web   |       |       |       |       |       |     1 |       ||     1
       Invisible         |       |       |       |       |       |       |     8 ||     8
       Confused          |       |       |       |       |       |       |     1 ||     1
Armor: Skin              |       |     5 |    18 |    45 |    45 |    69 |    62 ||   244
Dodge: Dodged            |    32 |    19 |    74 |   215 |   408 |   573 |   486 ||  1807
Block: Kite shield       |       |       |       |       |   312 |   680 |   626 ||  1618
       Reflection        |       |       |       |       |       |       |    16 ||    16

Table legend: (Time is in decaauts)
 A = Elapsed time spent in this place.
 B = Non-inter-level travel time spent in this place.
 C = Inter-level travel time spent in this place.
 D = Time resting spent in this place.
 E = Time spent auto-exploring this place.
 F = Levels seen in this place.
 G = Mean time per level.
                   A        B        C        D        E       F      G
               +--------+--------+--------+--------+--------+-----+--------+
         Total |  43588 |  40089 |   3499 |   8485 |  24466 |  38 | 1147.1 |
       Dungeon |  17421 |  15547 |   1874 |   3006 |  10180 |  15 | 1161.4 |
        Temple |     21 |     12 |      9 |      0 |      0 |   1 |   21.0 |
          Lair |   6970 |   6527 |    443 |    723 |   4844 |   6 | 1161.7 |
         Swamp |   4401 |   4210 |    191 |    966 |   2528 |   4 | 1100.2 |
   Spider Nest |   4486 |   4308 |    178 |    812 |   2572 |   4 | 1121.5 |
  Orcish Mines |   2519 |   2192 |    327 |    587 |   1125 |   2 | 1259.5 |
   Elven Halls |   5502 |   5095 |    407 |   2284 |   1869 |   3 | 1834.0 |
        Vaults |   1994 |   1927 |     67 |     69 |   1348 |   2 |  997.0 |
         Abyss |    271 |    271 |      0 |     38 |      0 |   1 |  271.0 |
               +--------+--------+--------+--------+--------+-----+--------+

Top non-repeatable levels by time:
   Elf:3: 2687 daAuts
Spider:4: 1989 daAuts
Vaults:1: 1818 daAuts
    D:13: 1773 daAuts
  Lair:6: 1767 daAuts
    D:14: 1656 daAuts
     D:9: 1625 daAuts
   Elf:2: 1456 daAuts
    D:15: 1431 daAuts
 Swamp:4: 1368 daAuts
   Elf:1: 1358 daAuts
  Lair:2: 1356 daAuts
  Lair:5: 1328 daAuts
   Orc:2: 1321 daAuts
    D:10: 1318 daAuts
